 Dungeon Crawl Stone Soup version 0.29.1 (webtiles) character file.

Game seed: 2267195010556167585

1677 Persephone the Cleaver (level 8, -2/64 HPs)
             Began as a Minotaur Fighter on Sept 13, 2022.
             Was a Believer of Qazlal.
             Slain by an orc knight
             ... wielding a +0 halberd
              (17 damage)
             ... in a bailey.
             The game lasted 00:08:42 (5419 turns).

Persephone the Cleaver (Minotaur Fighter)           Turns: 5419, Time: 00:08:43

Health: -2/64      AC: 20    Str: 23    XL:     8   Next: 70%
Magic:  7/7        EV:  5    Int:  5    God:    Qazlal [**....]
Gold:   190        SH: 14    Dex: 16    Spells: 7/7 levels left

rFire   . . .      SeeInvis .   a - +0 war axe (protect)
rCold   . . .      Faith    .   k - +0 kite shield
rNeg    . . .      Spirit   .   l - +1 plate armour
rPois   .          Reflect  .   (helmet restricted)
rElec   .          Harm     .   (no cloak)
rCorr   +          Rampage  .   r - +0 pair of gloves
Will    .....                   (no boots)
Stlth   ..........              s - amulet of regeneration
HPRegen 1.00/turn               w - +6 ring of dexterity
MPRegen 0.10/turn               x - ring of resist corrosion

@: under a protective aura
A: horns 2, retaliatory headbutt
a: Renounce Religion, Upheaval


You were in a bailey.
You worshipped Qazlal.
Qazlal was pleased with you.
You visited 1 branch of the dungeon, and saw 6 of its levels.
You also visited: Sewer and Bailey.

You collected 190 gold pieces.

Inventory:

Hand Weapons
 a - a +0 war axe of protection (weapon)
Armour
 b - a +0 scale mail
 c - a +0 buckler
 k - a +0 kite shield (worn)
 l - a +1 plate armour (worn)
 r - a +0 pair of gloves (worn)
Jewellery
 s - an amulet of regeneration (around neck)
 w - a +6 ring of dexterity (left hand)
 x - a ring of resist corrosion (right hand)
Wands
 d - a wand of roots (7)
 n - a wand of charming (10)
Scrolls
 g - 3 scrolls of teleportation
 i - a scroll of enchant armour
 j - a scroll of identify
 y - 2 scrolls of fog
Potions
 e - 2 potions of brilliance
 f - a potion of mutation {unknown}
 h - a potion of curing {unknown}
 m - a potion of attraction {unknown}
 o - 2 potions of heal wounds
 p - a potion of flight {unknown}
 q - 2 potions of degeneration {unknown}
 t - a potion of magic {unknown}
 v - a potion of resistance {unknown}
 z - a potion of cancellation {unknown}
 B - a potion of invisibility {unknown}


   Skills:
 - Level 3.6 Fighting
 + Level 12.4 Axes
 - Level 3.6 Armour
 + Level 6.2 Shields


You had 7 spell levels left.
You didn't know any spells.
Your spell library contained the following spells:

 Spells                   Type           Power      Damage    Failure   Level
 Confusing Touch          Hex            0%         N/A       100%        3
 Yara's Violent Unravell  Hex/Tmut       0%         3d3       100%        5
 Enfeeble                 Hex            0%         N/A       100%        7


Dungeon Overview and Level Annotations

Branches:
Dungeon (7/15)              Sewer (visited)          Bailey (1/1)
 Temple: D:4-7

Altars:
Dithmenos
Elyvilon
Kikubaaqudgha
Qazlal
Uskayaw


Innate Abilities, Weirdness & Mutations

You have a pair of horns on your head.
You reflexively headbutt those who attack you in melee.


Message History

You block the orc warrior's attack.
You barely miss the orc knight.
You headbutt the orc knight, but do no damage.
The orc knight is moderately wounded.
You hit the orc warrior. You block the orc knight's attack.
The orc warrior hits you with a +0 glaive.
You hit the orc knight but do no damage.
The orc knight is moderately wounded.
You barely miss the orc warrior.
The orc knight hits you with a +0 halberd!
You block the orc warrior's attack.
You hit the orc knight but do no damage.
The orc knight is moderately wounded.
You closely miss the orc warrior.
The orc knight hits you with a +0 halberd!
You block the orc warrior's attack.
You hit the orc knight but do no damage.
The orc knight is moderately wounded.
You barely miss the orc warrior.
The orc warrior hits you with a +0 glaive!
The orc knight hits you but does no damage.
You hit the orc knight but do no damage.
The orc knight is moderately wounded.
You closely miss the orc warrior. You block the orc knight's attack.
You block the orc warrior's attack.
You slash the orc knight!
The orc knight is heavily wounded.
You slash the orc warrior!
You kill the orc warrior!
Qazlal accepts your kill. You block the orc knight's attack.
Your Shields skill increases to level 6!
You hit the orc knight but do no damage.
The orc knight is heavily wounded.
The orc knight hits you with a +0 halberd!
* * * LOW HITPOINT WARNING * * *
You hit the orc knight.
The orc knight is heavily wounded.
The orc knight hits you with a +0 halberd!
You die...

########### ##.........##
##..~~~~~~~..##
##..~~.....~~..##
#####..~~..###..~~..#####
......~~..## ##..~~......
~~~~~~))@##.∩.##..~~~)~)~
.......o##.....##....)...
########'###+############
... # .§≈≈≈ ## ≈≈o..o§
##. o..⌠∩⌠o #.. ≈...o..
#+#.. ≈§...§. ##.##.


You could see an orc knight.

Vanquished Creatures
  Sigmund (D:2)
  A water moccasin (Sewer)
  An orc warrior (Bailey)
  A sky beast (D:6)
  A black bear (D:4)
  An ice beast (D:7)
  An ogre (D:4)
  A bullfrog (D:7)
  2 gnoll sergeants (D:7)
  3 scorpions (D:6)
  2 vampire bats (D:3)
  A hound (D:4)
  A jelly (D:6)
  An orc priest (D:3)
  An iguana (D:7)
  The ghost of gdog the Covert, a weakling GnDe (D:6)
  16 gnolls
  8 adders
  A shadow imp (D:7)
  An ufetubus (D:6)
  A worm (D:4)
  8 dart slugs
  25 orcs
  7 ball pythons
  6 bats
  5 bat skeletons (D:3)
  A bat zombie (D:3)
  4 endoplasms
  6 giant cockroaches
  9 goblins
  7 hobgoblins
  3 jackals
  9 quokkas
  8 frilled lizards
  8 kobolds
  3 rats
156 creatures vanquished.

Notes
Turn   | Place    | Note
-------+----------+-------------------------------------------
     0 | D:1      | Persephone the Minotaur Fighter began the quest for the
                  | Orb.
     0 | D:1      | Reached XP level 1. HP: 19/19 MP: 0/0
    76 | D:1      | Reached skill level 3 in Axes
    90 | D:1      | Reached XP level 2. HP: 23/26 MP: 1/1
   237 | D:1      | Found a faded altar of an unknown god.
   298 | D:1      | Reached skill level 4 in Axes
   379 | D:1      | Reached XP level 3. HP: 30/31 MP: 2/2
   955 | D:2      | Reached skill level 5 in Axes
   958 | D:2      | Reached XP level 4. HP: 15/39 MP: 3/3
  1468 | D:2      | Noticed Sigmund
  1475 | D:2      | Killed Sigmund
  1476 | D:2      | Reached skill level 7 in Axes
  1476 | D:2      | Reached XP level 5. HP: 23/45 MP: 4/4
  2227 | D:2      | Reached XP level 6. HP: 49/51 MP: 5/5
  2365 | D:3      | Found a stormy altar of Qazlal.
  2377 | D:3      | Became a worshipper of Qazlal Stormbringer
  2509 | D:3      | Reached skill level 8 in Axes
  2780 | D:3      | Found a white marble altar of Elyvilon.
  3237 | D:3      | Found an ancient bone altar of Kikubaaqudgha.
  3521 | D:4      | Reached skill level 9 in Axes
  3521 | D:4      | Reached XP level 7. HP: 13/57 MP: 6/6
  3777 | D:4      | Reached * piety under Qazlal
  4061 | D:4      | You fall into a shaft and drop 2 floors!
  4104 | D:6      | Reached skill level 10 in Axes
  4121 | D:6      | Found a large runed translucent door.
  4122 | D:6      | Found a large runed translucent door.
  4125 | D:6      | Noticed gdog's ghost (weakling GnDe)
  4163 | D:6      | Found a glowing drain.
  4194 | Sewer    | Entered a sewer
  4427 | D:6      | Reached skill level 11 in Axes
  4455 | D:6      | Reached XP level 8. HP: 60/64 MP: 7/7
  4814 | D:6      | Identified the +3 hand axe of Eternal Night {vorpal, *Noise
                  | rPois rN+ SInv}
  4816 | D:6      | Identified the +3 ring mail of Idealism {Dex+3}
  4988 | D:6      | Found a shadowy altar of Dithmenos.
  5004 | D:6      | Found a hide-covered altar of Uskayaw.
  5060 | D:6      | Reached ** piety under Qazlal
  5203 | D:6      | Killed gdog's ghost
  5259 | D:7      | Reached skill level 5 in Shields
  5265 | D:7      | Reached skill level 12 in Axes
  5274 | D:7      | Found a flagged portal.
  5298 | Bailey   | Entered a bailey
  5393 | Bailey   | Noticed an orc knight
  5393 | Bailey   | Noticed an orc knight
  5419 | Bailey   | Slain by an orc knight

Illustrated notes

Levels and vault maps discovered:
D:1:      amcnicky_arrival_single_pillar, layout_basic,
          ebering_ecumenical_altar_petrified, minmay_hedge_maze,
          nicolae_concentric_dashed_squares_mild
D:2:      minmay_skewed_foursquare, layout_basic, dk_noncrumbling_4,
          uniq_sigmund
D:3:      layout_basic, kennysheep_vampire_church, grunt_qazlal_sundering,
          mainiacjoe_overflow_paths
D:4:      layout_basic, uniq_pargi
D:6:      layout_basic, mainiacjoe_overflow_swirl, portal_sewer_entry_f,
          ebering_ghost_disaster_area
D:7:      minmay_the_grid_four_pointed_star [minmay_the_grid_triangle_9x9_sprig,
          minmay_the_grid_triangle_9x9_windchime,
          minmay_the_grid_triangle_9x9_corruption,
          minmay_the_grid_triangle_9x9_corrupted_corridor,
          minmay_the_grid_prize_diamond_cup], layout_rooms,
          nicolae_hepliaklqana_monster_ancestors, enter_bailey_5, uniq_pikel
Bailey:   bailey_polearm_1, bailey

Skill      XL: |  1  2  3  4  5  6  7  8 |
---------------+-------------------------+-----
Axes           | 3 4 5 7 9 11 12 | 12.4
Shields        | 6 |  6.2
Fighting       | |  3.6
Armour         | |  3.6

Action                   |  1- 3 |  4- 6 |  7- 9 || total
-------------------------+-------+-------+-------++-------
Melee: War axe           |    55 |   131 |   174 ||   360
       Headbutt          |    10 |    13 |    29 ||    52
  Use: Potion            |       |     1 |     2 ||     3
       Scroll            |       |       |     9 ||     9
Armor: Scale mail        |    15 |    19 |       ||    34
       Plate armour      |       |    80 |   104 ||   184
Dodge: Dodged            |    35 |    47 |    43 ||   125
Block: Buckler           |    11 |    28 |    57 ||    96
       Kite shield       |       |       |    24 ||    24
